 Dungeon Crawl Stone Soup version 0.27-a0-1065-ge809cff456 (webtiles) character file.

Game seed: 2278083330367665796

73276 GordonOverkill the Eclecticist (level 15, -18/116 HPs)
             Began as a Djinni Ice Elementalist on Apr 22, 2021.
             Was the Champion of Cheibriados.
             Killed by an exploding ball lightning (48 damage)
             ... on level 14 of the Dungeon.
             The game lasted 00:55:20 (33856 turns).

GordonOverkill the Eclecticist (DjIE)              Turns: 33856, Time: 00:55:21

Health: -18/116    AC: 30    Str: 22    XL:     15   Next: 42%
Gold:   389        EV: 16    Int: 44    God:    Cheibriados [******] SH: 13 Dex: 32

rFire    + + .     SeeInvis .   J - +4 rapier (elec)
rCold    + . .     Faith    .   D - +2 kite shield {AC+3}
rNeg     . . .     Spirit   .   n - +2 ring mail {rC+}
rPois    ∞         Reflect  .   j - +2 helmet
rElec    .         Harm     .   f - +2 cloak
rCorr    .         Rampage  .   M - +2 pair of gloves {Dex+3}
Will     +....                  (boots unavailable)
Stlth    +++.......             (no amulet)
HPRegen  0.29/turn              e - ring of protection from cold
MPRegen  0.00/turn              L - +6 ring of intelligence

@: ice-armoured, flying, studying Shields, very slow
A: fire resistance 2, cold vulnerability 1, float, innate caster, hp casting,
extra vitality 1
a: Renounce Religion, Bend Time, Temporal Distortion, Slouch, Step From Time


You were on level 14 of the Dungeon.
You worshipped Cheibriados.
Cheibriados was exalted by your worship.
You visited 2 branches of the dungeon, and saw 20 of its levels.
You also visited: Sewer.

You collected 2636 gold pieces.
You spent 2247 gold pieces at shops.

Inventory:

Hand Weapons
 G - the +7 war axe "Turgh" {flame, rN+ Str-5 SInv}
   (You found it on level 3 of the Lair of Beasts)

   It has been specially enchanted to burn those struck by it, causing extra
   injury to most foes and up to half again as much damage against particularly
   susceptible opponents.
   Big, fiery blades are also staple armaments of hydra-hunters.
   It affects your strength (-5).
   It protects you from negative energy.
   It lets you see invisible.
 J - a +4 rapier of electrocution (weapon)
Missiles
 s - 14 curare-tipped darts
Armour
 f - a +2 cloak (worn)
 j - a +2 helmet (worn)
 n - a +2 ring mail of cold resistance (worn)
 p - a +0 kite shield of protection
 w - a +0 ring mail of willpower
 D - a +2 kite shield of protection (worn)
 M - a +2 pair of gloves of dexterity (worn)
Jewellery
 e - a ring of protection from cold (left hand)
 t - an amulet of faith
 u - a +4 ring of slaying
 C - a ring of protection from fire
 L - a +6 ring of intelligence (right hand)
Wands
 l - a wand of flame (75)
 q - a wand of digging (7)
 x - a wand of iceblast (1)
 K - a wand of acid (12)
Scrolls
 b - 9 scrolls of teleportation
 m - 3 scrolls of fog
 B - a scroll of magic mapping
 E - a scroll of enchant armour
 Q - 3 scrolls of identify
 R - a scroll of immolation
Potions
 a - 3 potions of ambrosia
 g - a potion of invisibility
 h - 8 potions of curing
 k - 2 potions of heal wounds
 o - 5 potions of mutation
 v - 2 potions of lignification
 z - 5 potions of brilliance
 A - 2 potions of attraction
 F - a potion of might
 N - a potion of resistance
Miscellaneous
 H - a lightning rod (4/4)


   Skills:
 + Level 13.7 Fighting
 - Level 5.0 Armour
 - Level 7.0 Dodging
 - Level 3.0 Stealth
 + Level 3.5 Shields
 * Level 16.3 Spellcasting
 - Level 7.0 Invocations
 - Level 3.0 Evocations


You had 5 spell levels left.
You knew the following spells:

 Your Spells              Type           Power      Damage    Failure   Level
a - Freeze                Ice            100%       1d11      0%          1
b - Frozen Ramparts       Ice            100%       1d12      1%          3
c - Ozocubu's Armour      Ice            100%       N/A       1%          3
d - Hailstorm             Conj/Ice       100%       3d20      1%          4
e - Metabolic Englaciati  Hex/Ice        55%        N/A       1%          5
f - Summon Small Mammal   Summ           100%       N/A       0%          1
g - Wereblood             Tmut           100%       N/A       0%          2
h - Gell's Gravitas       Tloc           55%        N/A       1%          3
i - Airstrike             Air            55%        N/A       1%          4
j - Iskenderun's Mystic   Conj/Tloc      100%       2d19      1%          4
k - Alistair's Intoxicat  Tmut/Pois      73%        N/A       1%          5
l - Conjure Ball Lightni  Conj/Air       55%        3x3d20    1%          6
Your spell library was empty.

Dungeon Overview and Level Annotations

Branches:
Dungeon (14/15)            Temple (0/1) D:7            Lair (6/6) D:8
 Shoals (0/4) Lair:2       Spider (0/4) Lair:2        Slime (0/5) Lair:6
    Orc (0/2) D:12          Sewer (visited)
 Vaults: D:13-14

Altars:
Ashenzari
Cheibriados
Dithmenos
Makhleb
Nemelex Xobeh
Ru
Trog
Vehumet
Jiyva

Shops:
D:1 :   D:6 [   D:7 *   D:10 :   D:13 :**


Innate Abilities, Weirdness & Mutations

You are immune to poison.
Your flesh is very heat resistant. (rF++)
You are vulnerable to cold. (rC-)
You float through the air rather than walking.
You learn spells naturally, not from books.
Your magical power is your life essence.
You have superior vitality. (+4 HP)


Message History

Your +6 ring of intelligence unmelds from your body.
You hear the crackle of electricity.
You feel agile.
You feel protected.
You feel resistant to cold.
You feel clever.
Okay, then.
Casting: Airstrike (safe; 1% risk of failure)
Confirm with . or Enter, or press ? or * to list all spells.
A film of ice covers your body!
* * * LOW HITPOINT WARNING * * *
Nessos blinks!
Nessos zaps a wand.
You resist with almost no effort.
Nessos unwields a +1 longbow of flaming.
It stops flaming.
Nessos barely misses you. Nessos closely misses you.
Aiming: Corrosive Bolt
Press: ? - help, Shift-Dir - straight line, f - Nessos
Aim: Nessos, wearing a +0 barding of flying, quivering arrows and carrying a wand of polymorph (3) (fast, 84% to hit)
The bolt of acid hits Nessos!!
Nessos is splashed with acid.
The acid corrodes Nessos!
Nessos is moderately wounded.
Nessos misses you. You block Nessos's attack. x2
Nessos kicks you but does no damage.
Casting: Ozocubu's Armour (safe; 1% risk of failure)
Confirm with . or Enter, or press ? or * to list all spells.
You create some ball lightning!
* * * LOW HITPOINT WARNING * * *
3 ball lightnings come into view.
You block Nessos's attack. x2; Nessos hits you but does no damage.
You block Nessos's attack. Nessos completely misses you.
Nessos kicks you but does no damage.
Your ball lightning explodes!
The blast of lightning engulfs Nessos!!
Nessos is severely wounded.
The blast of lightning engulfs you!!!
* * * LOW HITPOINT WARNING * * *
Your ball lightning explodes!
The blast of lightning engulfs Nessos!!
You kill Nessos!
Cheibriados thoroughly appreciates the change of pace.
The blast of lightning engulfs you!!!
You die...

*,................,,,,,,,,,,,,,
**,########.######***,*****,****
**,,* #.# *,* *,* *,,,***** #c#
*,* *,* *,,,*,,,* #.# *,# *,*
*,,,*,,,####.#########.#####,****
*,,,*,,,#...........<.......,,,,,
*,,,+,∩,###......*...#######*,***
*,,,*,,,* #....)@....# *,*
*,,,*,,,* #..........# *,*
+,,,*,,,* #..........# *,*
*,,,***** #..........# *,* **,**
#..........# *,*
**,*******#..........#*******,***
,,,,,,,,,.............,,,,,,,,,,,
*****,***#######.#####.*****,****
*,* *,* *,* *,*


You could see a friendly ball lightning.

Vanquished Creatures
  Nessos (D:14)
  A fire dragon (Lair:5)
  5 hydras
  A boulder beetle (D:13)
  8 two-headed ogres
  2 centaur warriors
  A catoblepas (Lair:5)
  10 death yaks (Lair:6)
  4 lindwurms (Lair:3)
  A deep elf pyromancer (D:13)
  An ugly thing (D:12)
  4 cyclopes
  3 merfolk sirens (Lair:2)
  2 manticores
  20 elephants
  3 black mambas
  18 cane toads
  Joseph (D:7)
  5 komodo dragons
  An unseen horror (D:12)
  Maggie (D:6)
  2 kobold demonologists
  22 rime drakes
  5 jumping spiders (Lair:2)
  3 polar bears
  2 trolls
  A tyrant leech (D:12)
  A merfolk (Lair:2)
  Prince Ribbit (D:5)
  7 dream sheep (Lair:5)
  12 blink frogs
  2 wyverns
  3 redbacks (Lair:2)
  77 yaks
  Sigmund (D:3)
  A wraith (D:10)
  3 shadows
  8 steam dragons
  2 basilisks
  3 vampire mosquitoes (D:12)
  3 swamp worms (D:12)
  15 water moccasins
  Duvessa (D:5)
  2 black bears
  An ice beast (D:5)
  A necrophage (D:6)
  3 orc warriors
  2 ogres
  18 wolves
  4 centaurs
  4 kobold brigands (D:5)
  2 gnoll sergeants
  11 bullfrogs
  A scorpion (D:5)
  A water moccasin skeleton (D:5)
  Dowan (D:5)
  5 wights (D:6)
  5 electric eels
  3 howler monkeys
  4 centaur zombies
  3 hounds
  3 orc priests
  A jelly (D:4)
  A gnoll shaman (D:6)
  Natasha (twice) (D:3)
  3 iguanas
  7 orc wizards
  2 hell rats (Lair:4)
  3 howler monkey zombies
  A killer bee simulacrum (D:9)
  16 gnolls
  11 adders
  12 river rats
  A shadow imp (D:7)
  2 white imps (D:9)
  An adder skeleton (D:5)
  3 worms
  3 dart slugs
  27 orcs
  2 ball pythons
  8 bats
  An endoplasm (D:4)
  8 giant cockroaches
  4 goblins
  4 hobgoblins
  12 jackals
  20 kobolds
  5 quokkas
  5 frilled lizards
  6 rats
  A bush (Lair:6)
514 creatures vanquished.

Vanquished Creatures (collateral kills)
  A white imp (D:3)
1 creature vanquished.

Vanquished Creatures (others)
  2 ball lightnings (D:14)
  A bush (Lair:5)
  71 fungi
  172 plants
246 creatures vanquished.

Grand Total: 761 creatures vanquished

Notes
Turn   | Place    | Note
-------+----------+-------------------------------------------
     0 | D:1      | GordonOverkill the Djinni Ice Elementalist began the quest
                  | for the Orb.
     0 | D:1      | Reached XP level 1. HP: 15/15 MP: 0/0
   312 | D:1      | Found Varuaw's Book Emporium.
   329 | D:1      | Reached XP level 2. HP: 21/22 MP: 0/0
   772 | D:1      | Reached skill level 1 in Fighting
   792 | D:1      | Reached skill level 4 in Spellcasting
   825 | D:1      | Reached XP level 3. HP: 24/27 MP: 0/0
   825 | D:1      | Learned a level 1 spell: Summon Small Mammal
  1569 | D:2      | Reached XP level 4. HP: 15/32 MP: 0/0
  2620 | D:3      | Found a snail-covered altar of Cheibriados.
  2626 | D:3      | Found a faded altar of an unknown god.
  2628 | D:3      | Became a worshipper of Cheibriados the Contemplative
  2638 | D:3      | Found a glowing drain.
  2659 | Sewer    | Entered a sewer
  2830 | Sewer    | Noticed a water moccasin
  2837 | Sewer    | Killed a water moccasin
  2838 | Sewer    | Reached skill level 1 in Invocations
  2838 | Sewer    | Reached XP level 5. HP: 23/39 MP: 0/0
  2838 | Sewer    | Learned a level 2 spell: Wereblood
  3116 | D:3      | Noticed Sigmund
  3171 | D:3      | Killed Sigmund
  3172 | D:3      | Reached skill level 5 in Spellcasting
  3172 | D:3      | Reached XP level 6. HP: 19/45 MP: 0/0
  3626 | D:3      | Reached * piety under Cheibriados
  3882 | D:3      | Noticed Natasha
  3889 | D:3      | Killed Natasha
  4108 | D:3      | Noticed Natasha
  4113 | D:3      | Killed Natasha
  4114 | D:3      | Reached XP level 7. HP: 35/50 MP: 0/0
  4114 | D:3      | Learned a level 3 spell: Gell's Gravitas
  4340 | D:4      | Found a sacrificial altar of Ru.
  5692 | D:5      | Entered Level 5 of the Dungeon
  5730 | D:5      | Reached ** piety under Cheibriados
  5760 | D:5      | Reached skill level 6 in Spellcasting
  5995 | D:5      | Reached XP level 8. HP: 53/58 MP: 0/0
  6106 | D:5      | Found a bloodstained altar of Trog.
  6813 | D:5      | Noticed Prince Ribbit
  6825 | D:5      | Reached skill level 7 in Spellcasting
  6980 | D:5      | Killed Prince Ribbit
  6981 | D:5      | Reached skill level 5 in Fighting
  7263 | D:5      | Reached XP level 9. HP: 59/65 MP: 0/0
  7263 | D:5      | Learned a level 4 spell: Airstrike
  7324 | D:5      | Noticed Dowan
  7324 | D:5      | Noticed a kobold demonologist
  7324 | D:5      | Noticed Duvessa
  7330 | D:5      | Killed Dowan
  7333 | D:5      | Killed a kobold demonologist
  7334 | D:5      | Reached skill level 8 in Spellcasting
  7335 | D:5      | Killed Duvessa
  7561 | D:5      | Found a sparkling altar of Nemelex Xobeh.
  7931 | D:6      | Found Desais's Antique Armour Shoppe.
  8091 | D:6      | Reached *** piety under Cheibriados
  9183 | D:6      | Noticed Maggie
  9190 | D:6      | Killed Maggie
  9191 | D:6      | Reached skill level 9 in Spellcasting
  9649 | D:7      | Noticed Joseph
  9661 | D:7      | Killed Joseph
  9838 | D:7      | Found a staircase to the Ecumenical Temple.
  9862 | D:7      | Reached XP level 10. HP: 68/75 MP: 0/0
 10041 | D:7      | Found a shadowy altar of Dithmenos.
 10212 | D:7      | Found Ykaam's Mayhem Merchandise.
 10767 | D:8      | Found a staircase to the Lair.
 10777 | D:8      | Reached skill level 10 in Spellcasting
 10865 | D:8      | Noticed a two-headed ogre
 10870 | D:8      | Killed a two-headed ogre
 11172 | D:8      | Noticed a kobold demonologist
 11175 | D:8      | Killed a kobold demonologist
 11295 | D:8      | Reached **** piety under Cheibriados
 11443 | D:8      | Found a burning altar of Makhleb.
 12928 | D:9      | Reached skill level 11 in Spellcasting
 12989 | D:9      | Reached XP level 11. HP: 45/82 MP: 0/0
 12989 | D:9      | Learned a level 4 spell: Iskenderun's Mystic Blast
 13789 | D:10     | Entered Level 10 of the Dungeon
 14405 | D:10     | Reached ***** piety under Cheibriados
 14634 | D:10     | Found a broken altar of Ashenzari.
 15072 | D:10     | Noticed a two-headed ogre
 15080 | D:10     | Killed a two-headed ogre
 15212 | D:10     | Found Qoas Ric's Book Boutique.
 15611 | D:11     | Reached skill level 12 in Spellcasting
 15843 | D:11     | Noticed a two-headed ogre
 15847 | D:11     | Killed a two-headed ogre
 15850 | D:11     | Noticed a manticore
 15888 | D:11     | Killed a manticore
 15990 | D:11     | Noticed a two-headed ogre
 15994 | D:11     | Killed a two-headed ogre
 15995 | D:11     | Reached skill level 10 in Fighting
 16069 | D:11     | Noticed a four-headed hydra
 16069 | D:11     | Noticed a two-headed ogre
 16069 | D:11     | Noticed a centaur warrior
 16176 | D:11     | Killed a centaur warrior
 16182 | D:11     | HP: 3/86 [two-headed ogre/+0 giant club (11)]
 16188 | D:11     | Killed a two-headed ogre
 16189 | D:11     | Reached XP level 12. HP: 5/92 MP: 0/0
 16193 | D:11     | Killed a four-headed hydra
 16782 | D:11     | Reached skill level 13 in Spellcasting
 17044 | D:6      | Bought a twisted scale mail for 207 gold pieces
 17044 | D:6      | Identified the +2 scale mail "Neeheir" {rPois} (You bought
                  | it in a shop on level 6 of the Dungeon)
 17138 | Lair:1   | Entered Level 1 of the Lair of Beasts
 17359 | Lair:1   | Identified a scroll of acquirement
 17360 | Lair:1   | Acquired a +0 kite shield of protection
 18698 | Lair:1   | Reached ****** piety under Cheibriados
 19595 | Lair:2   | Reached skill level 14 in Spellcasting
 20097 | Lair:2   | Found a hole to the Spider Nest.
 20359 | Lair:2   | Reached XP level 13. HP: 66/100 MP: 0/0
 20359 | Lair:2   | Learned a level 5 spell: Alistair's Intoxication
 20831 | Lair:2   | Found a staircase to the Shoals.
 21895 | Lair:3   | Reached skill level 1 in Evocations
 21943 | Lair:3   | Reached skill level 1 in Armour
 22569 | Lair:3   | Identified the +7 war axe "Turgh" {flame, rN+ Str-5 SInv}
 23659 | Lair:4   | Reached skill level 5 in Invocations
 24365 | Lair:4   | Reached skill level 15 in Spellcasting
 25117 | Lair:5   | Reached XP level 14. HP: 58/108 MP: 0/0
 25707 | Lair:5   | Reached skill level 5 in Dodging
 28234 | Lair:5   | Reached skill level 5 in Armour
 28591 | Lair:6   | Entered Level 6 of the Lair of Beasts
 28787 | Lair:6   | Found a staircase to the Slime Pits.
 28891 | Lair:6   | Found a viscous altar of Jiyva.
 29261 | Lair:6   | Reached XP level 15. HP: 59/115 MP: 0/0
 29261 | Lair:6   | Learned a level 6 spell: Conjure Ball Lightning
 29938 | Lair:6   | Reached skill level 16 in Spellcasting
 31036 | D:1      | Bought a manual of Shields for 1214 gold pieces
 31300 | D:12     | Reached skill level 1 in Shields
 32592 | D:12     | Found a staircase to the Orcish Mines.
 32901 | D:13     | Found Tekikhecesm's Assorted Antiques.
 32930 | D:13     | Bought a pair of runed gloves for 172 gold pieces
 32930 | D:13     | Bought a scroll of identify for 46 gold pieces
 32930 | D:13     | Bought a scroll of teleportation for 69 gold pieces
 32930 | D:13     | Bought a scroll of identify for 46 gold pieces
 32930 | D:13     | Bought a scroll of identify for 46 gold pieces
 32930 | D:13     | Bought a scroll of immolation for 80 gold pieces
 33184 | D:13     | Found Vaobeox's Assorted Antiques.
 33213 | D:13     | Bought a glowing kite shield for 262 gold pieces
 33213 | D:13     | Bought a scroll labelled SESHUX GOYTTI for 35 gold pieces
 33213 | D:13     | Bought a scroll of identify for 70 gold pieces
 33669 | D:13     | Found Teinioqi's Book Emporium.
 33844 | D:14     | Noticed Nessos
 33856 | D:14     | Killed Nessos
 33856 | D:14     | Killed by an exploding ball lightning

Illustrated notes

Levels and vault maps discovered:
D:1:      psy_arrival_spokes, layout_rooms, serial_shops, shop
D:2:      layout_rooms, lexackson_kobold_supper
D:3:      layout_basic, lemuel_crystal_altar, basic_ecumenical_altar,
          gup_sewer_entry_glass, kennysheep_cluttered_room, chequers_big_river,
          serial_park_tiny_2, minmay_misc_feat_tiny, uniq_natasha, uniq_sigmund
D:4:      layout_loops_cross, nicolae_overflow_crystal_walls, hex_tiny,
          chequers_jeans
D:5:      layout_loops_cross, trog_book, kennysheep_mini, uniq_duvessa,
          uniq_prince_ribbit1
D:6:      wad_woods_settlement, layout_loops_corners, serial_shops,
          shop_fountains, chequers_serial_rivers_room_a, uniq_maggie
D:7:      layout_basic, amethyst_overflow_temple_binary,
          minmay_temple_entry_junction_2, hex_intersection, minmay_shop_mayhem,
          minmay_misc_feat_room, uniq_joseph
D:8:      layout_loops_cross, kennysheep_mini_moat, david_lair_shrubbed,
          serial_aquarium, aquarium_bridge_square [aquarium_subvault_wall,
          aquarium_subvault_wall, aquarium_subvault_bridge,
          aquarium_subvault_window], aquarium_bridge_square
          [aquarium_subvault_wall, aquarium_subvault_wall,
          aquarium_subvault_bridge, aquarium_subvault_balcony],
          aquarium_window_2, aquarium_window_1, aquarium_window_3,
          aquarium_view_4, aquarium_view_2d, aquarium_balcony_5a,
          kennysheep_cross_room, due_unseen_surprise
D:9:      layout_loops_ring, serial_ice, serial_ice_a, serial_ice_i,
          serial_ice_b, serial_ice_c
D:10:     layout_basic, marbit_many_paths, kennysheep_windowed_goal
D:11:     layout_long_grid
D:12:     layout_grid_maze, david_orc_2, serial_co_window_serial,
          co_window_of_opportunity_a, co_window_of_opportunity_a,
          co_window_corner_a, co_window_corner_a, co_window_paths_a,
          co_window_paths_b, co_window_paths_a, co_window_of_opportunity_b,
          co_window_corner_b, co_window_of_opportunity_b, co_window_corner_cb,
          co_window_cross_3, glass_columns_c, worms_lemuel
D:13:     layout_cave_pools, serial_shops, shop, shop_coins, shop_coins
D:14:     layout_small_grid, david_vaults_1, serial_shops,
          nicolae_shop_statue_plus, portal_ice_cave_rime, special_room
          [special_room_mythical_zoo], uniq_rupert, uniq_nessos
Lair:1:   layout_long_grid, st_stairs_11, grunt_megastairs_4,
          serial_bayou_shore_a
Lair:2:   layout_small_grid, elwin_shoals_entry_stream,
          nicolae_spider_entry_tight_spaces, serial_bayou_lagoon_a,
          grunt_megastairs_1
Lair:3:   layout_roguey, minmay_lindwurm_lava, infiniplex_staircase_pool
Lair:4:   layout_regular_city, kennysheep_rathole
Lair:5:   layout_loops_ring, bobbens_dragon_lair_wall
Lair:6:   due_jungle_book, layout_regular_city, slime_altar_1,
          minmay_lair_drake_nest

Skill      XL: |  1  2  3  4  5  6  7  8  9 10 11 12 13 14 15 |
---------------+----------------------------------------------+-----
Fighting       | 1 2 3 4 5 7 8 10 11 12 13 | 13.7
Stealth        | 2 3 |  3.0
Spellcasting   | 4 5 6 7 9 11 12 14 15 16 | 16.3
Invocations    | 1 2 3 4 5 7 |  7.0
Evocations     | 3 |  3.0
Armour         | 3 5 |  5.0
Dodging        | 4 7 |  7.0
Shields        | 3 |  3.5

Action                   |  1- 3 |  4- 6 |  7- 9 | 10-12 | 13-15 || total
-------------------------+-------+-------+-------+-------+-------++-------
Melee: Unarmed           |     1 |       |       |       |       ||     1
       Short sword       |     2 |       |       |       |       ||     2
       Club              |     1 |       |       |       |       ||     1
       Dagger            |       |    11 |    21 |     4 |       ||    36
       Rapier            |       |       |       |       |     3 ||     3
 Cast: Freeze            |    51 |    34 |    84 |    62 |    66 ||   297
       Frozen Ramparts   |     5 |    13 |    31 |    29 |    34 ||   112
       Hailstorm         |       |     1 |    18 |    44 |    86 ||   149
       Summon Small Mamm |       |     2 |     5 |       |       ||     7
       Ozocubu's Armour  |       |       |     1 |     1 |     7 ||     9
       Airstrike         |       |       |     4 |   171 |   318 ||   493
       Metabolic Englaci |       |       |       |       |     5 ||     5
       Conjure Ball Ligh |       |       |       |       |     1 ||     1
Invok: Bend Time         |       |       |       |     1 |       ||     1
Evoke: Wand              |       |       |     5 |     9 |     1 ||    15
       Lightning rod     |       |       |       |       |     4 ||     4
  Use: Scroll            |       |     5 |     8 |    15 |    13 ||    41
       Potion            |       |       |     1 |     1 |     3 ||     5
Armor: Robe              |    14 |     8 |    28 |       |       ||    50
       Ring mail         |       |       |    17 |    42 |    64 ||   123
Dodge: Dodged            |    35 |    30 |    78 |    43 |    98 ||   284
Block: Kite shield       |       |       |       |       |    15 ||    15

Table legend: (Time is in decaauts)
 A = Elapsed time spent in this place.
 B = Non-inter-level travel time spent in this place.
 C = Inter-level travel time spent in this place.
 D = Time resting spent in this place.
 E = Time spent auto-exploring this place.
 F = Levels seen in this place.
 G = Mean time per level.
                   A        B        C        D        E       F      G
               +--------+--------+--------+--------+--------+-----+--------+
         Total |  44249 |  41755 |   2494 |  17944 |  19818 |  21 | 2107.1 |
       Dungeon |  25875 |  24087 |   1788 |   9391 |  12144 |  14 | 1848.2 |
          Lair |  17966 |  17260 |    706 |   8324 |   7622 |   6 | 2994.3 |
         Sewer |    407 |    407 |      0 |    229 |     52 |   1 |  407.0 |
               +--------+--------+--------+--------+--------+-----+--------+

Top non-repeatable levels by time:
  Lair:4: 4076 daAuts
  Lair:2: 3233 daAuts
  Lair:5: 2953 daAuts
  Lair:1: 2836 daAuts
  Lair:6: 2692 daAuts
     D:8: 2616 daAuts
     D:6: 2520 daAuts
    D:11: 2472 daAuts
     D:5: 2446 daAuts
    D:10: 2347 daAuts
    D:12: 2190 daAuts
  Lair:3: 2175 daAuts
     D:4: 1863 daAuts
     D:9: 1751 daAuts
     D:3: 1743 daAuts
